 Dungeon Crawl Stone Soup version 0.29.1-2-gbd0b4ee654 (webtiles) character file.

Game seed: 5403097925448378217

4 llahlahkje the Trooper (level 1, 0/18 HPs)
             Began as a Demonspawn Fighter on Nov 24, 2022.
             Slain by a quokka (3 damage)
             ... on level 1 of the Dungeon.
             The game lasted 00:00:19 (74 turns).

llahlahkje the Trooper (Demonspawn Fighter)           Turns: 74, Time: 00:00:19

Health: 0/18       AC:  6    Str: 16    XL:     1   Next: 50%
Magic:  1/1        EV:  8    Int:  9    God:
Gold:   0          SH:  4    Dex: 12    Spells: 0/0 levels left

rFire   . . .      SeeInvis .   a - +0 trident
rCold   . . .      Faith    .   c - +0 buckler
rNeg    . . .      Spirit   .   b - +0 scale mail
rPois   .          Reflect  .   (no helmet)
rElec   .          Harm     .   (no cloak)
rCorr   .          Rampage  .   (no gloves)
Will    .....                   (no boots)
Stlth   ..........              (no amulet)
HPRegen 0.06/turn               (no ring)
MPRegen 0.07/turn               (no ring)

@: no status effects
A: no striking features
a: no special abilities


You were on level 1 of the Dungeon.
You visited 1 branch of the dungeon, and saw 1 of its levels.

Inventory:

Hand Weapons
 a - a +0 trident (weapon)
Armour
 b - a +0 scale mail (worn)
 c - a +0 buckler (worn)
Potions
 d - a potion of might


   Skills:
 + Level 3.0 Fighting
 + Level 1.7 Polearms
 + Level 2.8 Armour
 + Level 2.7 Shields


You couldn't memorise any spells.
You didn't know any spells.
Your spell library was empty.

Dungeon Overview and Level Annotations

Branches:
Dungeon (1/15)

Altars:


Message History

The kobold shouts!
You hear a shout!
Found a scroll of immolation.
Found a faded altar of an unknown god.
The kobold hits you with a +0 dagger. You block the kobold's attack.
You puncture the kobold!
You kill the kobold!
Things that are here:
a +0 dagger; a +0 dagger A hobgoblin comes into view.
Found a dagger.
The hobgoblin shouts!
The hobgoblin hits you.
Things that are here:
a +0 dagger; a +0 dagger The hobgoblin attacks as you move away!
You block the hobgoblin's attack.
A quokka and a ball python come into view.
The ball python hisses angrily.
You closely miss the hobgoblin.
A bat comes into view.
The hobgoblin hits you but does no damage.
The ball python bites you but does no damage.
The ball python grabs you. The ball python constricts you.
The bat moves out of view.
You closely miss the hobgoblin. You block the hobgoblin's attack.
The ball python bites you. The ball python constricts you.
The hobgoblin hits you but does no damage.
You hit the hobgoblin.
The hobgoblin is almost dead.
The quokka barely misses you.
The ball python bites you but does no damage.
The ball python constricts you. The quokka barely misses you.
You block the hobgoblin's attack.
The ball python bites you but does no damage.
The ball python constricts you.
You escape the ball python's grasp.
The hobgoblin hits you.
* * * LOW HITPOINT WARNING * * *
The quokka barely misses you. The quokka attacks as you move away!
The quokka bites you.
You die...

#.# ..
#.################
....#.##.........†...#
.........###########.#
###.#.#)## #.# # #.#.#
#.# #.#.#.# #.#
#####.#@#.# #.#
.......r#.######## #..
.......gS.)......#####..
...###.+b##...#..#......
#. ##....##....#.###..
....).# .##.#.#....
.....##..# # #.#.⌠.#
....##. ..... #.....#
.##. ._ .....# #....##


You could see a quokka, a hobgoblin, a bat and a ball python.

Vanquished Creatures
  An endoplasm (D:1)
  A frilled lizard (D:1)
  2 kobolds (D:1)
4 creatures vanquished.

Notes
Turn   | Place    | Note
-------+----------+-------------------------------------------
     0 | D:1      | llahlahkje the Demonspawn Fighter began the quest for the
                  | Orb.
     0 | D:1      | Reached XP level 1. HP: 18/18 MP: 1/1
    60 | D:1      | Found a faded altar of an unknown god.
    74 | D:1      | Slain by a quokka

Illustrated notes

Levels and vault maps discovered:
D:1:      dpeg_arrival_court, layout_loops_ring,
          hellmonk_ecumenical_altar_blasted, serial_forest,
          infiniplex_forest_lined_corner, infiniplex_forest_clump_C,
          infiniplex_forest_straight_2, infiniplex_forest_pool,
          infiniplex_forest_side_room, infiniplex_forest_lined_corner,
          infiniplex_forest_clump_small

Action                   || total
-------------------------++-------
Melee: Trident           ||    14
Armor: Scale mail        ||     8
Dodge: Dodged            ||    10
Block: Buckler           ||     5
